 Dungeon Crawl Stone Soup version 0.18-a0-1-gfac8111 (webtiles) character file.

51 Duffy the Digger (level 3, 0/16 HPs)
             Began as a Spriggan Earth Elementalist on Oct 30, 2015.
             Slain by a phantom (9 damage)
             ... on level 3 of the Dungeon.
             The game lasted 00:04:13 (2805 turns).

Duffy the Digger (Spriggan Earth Elementalist)      Turns: 2805, Time: 00:04:13

Health: 0/16       AC:  2    Str:  9    XL:     3   Next: 57%
Magic:  1/8        EV: 13    Int: 16    God:
Gold:   74         SH:  0    Dex: 16    Spells: 3 memorised, 1 level left

rFire  . . .     SeeInvis +     a - 124 stones
rCold  . . .     Clarity  .     b - +0 robe
rNeg   . . .     SustAt   .     (shield restricted)
rPois  .         Gourm    .     (helmet restricted)
rElec  .         Spirit   .     (no cloak)
rCorr  .         Warding  .     (gloves unavailable)
rMut   .         Stasis   .     (boots unavailable)
MR     .....                    (no amulet)
Stlth  +++.......               (no ring)
                                i - +4 ring of strength

@: very quick, not resistant to hostile enchantments, fairly stealthy
A: unfitting armour, see invisible, herbivore 3, speed 3, slow metabolism 2
a: no special abilities


You were on level 3 of the Dungeon.
You were not hungry.

You visited 1 branch of the dungeon, and saw 3 of its levels.

You collected 74 gold pieces.


Innate Abilities, Weirdness & Mutations

You are tiny and cannot use many weapons and most armour.
You have supernaturally acute eyesight.
You are a herbivore.
You cover ground extremely quickly.
You need consume almost no food.


   Skills:
 - Level 3.0 Dodging
 - Level 3.0 Stealth
 - Level 3.2 Spellcasting
 - Level 1.3 Transmutations
 + Level 3.9 Earth Magic


You had one spell level left.
You knew the following spells:

 Your Spells              Type           Power        Failure   Level  Hunger
a - Sandblast             Erth           ###...       4%          1    None
c - Stone Arrow           Conj/Erth      #.....       28%         3    ###....
P - Passwall              Trmt/Erth      ##........   21%         3    ###....

Inventory:

Missiles
 a - 124 stones (in hand)
 g - a throwing net
 o - 11 poisoned needles
Armour
 b - a +0 robe (worn)
 r - a +0 pearl dragon armour
Jewellery
 i - a +4 ring of strength (left hand)
Scrolls
 f - a scroll of fog
 h - a scroll of teleportation
 j - a scroll of remove curse
 k - 2 scrolls of enchant armour
 m - 2 scrolls of fear
Potions
 e - a potion of heal wounds
 l - a potion of brilliance
 n - a potion of invisibility
Books
 c - a book of Geomancy
Comestibles
 d - 3 bread rations
 p - a fruit
 q - a royal jelly
 s - a slice of pizza

Dungeon Overview and Level Annotations

Branches:
Dungeon (3/15)

Altars:

Annotations:
D:2 Robin


Message History

Aiming: Sandblast
Press: ? - help, Shift-Dir - straight line, f/p - phantom
Aim: a phantom (lightly damaged)
The rocky blast hits the phantom.
The phantom is heavily damaged.
The phantom barely misses you.
Cast which spell? (? or * to list)
Aiming: Sandblast
Press: ? - help, Shift-Dir - straight line, f/p - phantom
Aim: a phantom (heavily damaged)
The rocky blast misses the phantom.
The phantom barely misses you.
Cast which spell? (? or * to list)
Aiming: Sandblast
Press: ? - help, Shift-Dir - straight line, f/p - phantom
Aim: a phantom (heavily damaged)
The rocky blast hits the phantom.
The phantom is heavily damaged.
The phantom barely misses you.
Cast which spell? (? or * to list)
Aiming: Sandblast
Press: ? - help, Shift-Dir - straight line, f/p - phantom
Aim: a phantom (heavily damaged)
The rocky blast misses the phantom.
The phantom closely misses you.
Cast which spell? (? or * to list)
Aiming: Sandblast
Press: ? - help, Shift-Dir - straight line, f/p - phantom
Aim: a phantom (heavily damaged)
The rocky blast hits the phantom.
The phantom is severely damaged.
The phantom hits you!
Cast which spell? (? or * to list)
You don't have enough magic to cast that spell.
The phantom hits you!
Ouch! That really hurt!
You die...

##### #...###
#.....###
#........
#######@.......
#......W....#..
##..........#
#.........#.#
#.###.##### # #
#.# .?. ....
......


You could see a phantom.

Action                   || total
-------------------------++-------
 Cast: Sandblast         ||   104
  Use: Scroll            ||     8

Notes
Turn   | Place    | Note
--------------------------------------------------------------
     0 | D:1      | Duffy the Spriggan Earth Elementalist began the quest for the Orb.
     0 | D:1      | Reached XP level 1. HP: 9/9 MP: 5/5
   174 | D:1      | Reached skill level 3 in Spellcasting
   174 | D:1      | Reached skill level 3 in Earth Magic
   174 | D:1      | Reached XP level 2. HP: 8/13 MP: 0/7
  1287 | D:1      | Reached XP level 3. HP: 14/16 MP: 1/8
  2149 | D:2      | Noticed Robin
  2780 | D:2      | Learned a level 3 spell: Passwall
  2784 | D:2      | Learned a level 3 spell: Stone Arrow
  2788 | D:3      | Noticed a phantom
  2805 | D:3      | Slain by a phantom

Vault maps used:
D:1:      saegor_arrival_simple_c
D:2:      minivault_11, uniq_robin
D:3:      nemelex_altar_shiori, uniq_terence, uniq_sigmund

Vanquished Creatures
  A gnoll
  A worm
  A ball python
  2 giant cockroaches
  10 goblins
  9 hobgoblins
  A giant gecko
  A giant newt
  4 kobolds
  6 rats
36 creatures vanquished.
